TOP OF THE 1ST |
Milwaukee (NYP) Brewers batting - Pitching for Salem-Keizer Volcanoes : LHP Hector Jimenez
|
Pitching: LHP Hector Jimenez
|
|
Batting: RHB Chris Maul
|
0-0: Ball 1-0: Ball 2-0: Ground out 6-3 (Groundball, 6MS, EV 88.8 MPH)
|
Batting: LHB Tyler Francis
|
0-0: Ball 1-0: Foul Ball, location: 2F 1-1: Fly out, F9 (Line Drive, 89M, EV 92.5 MPH)
|
Batting: RHB Ryan Miller
|
0-0: Called Strike 0-1: Foul Ball, location: 2F 0-2: Ball 1-2: Ball 2-2: Ball 3-2: Foul Ball, location: 2F 3-2: Foul Ball, location: 2F 3-2: Base on Balls
|
Batting: RHB Victor Alarcon
|
0-0: Ball 1-0: SINGLE (Groundball, 56S, EV 71.9 MPH) (infield hit) Ryan Miller to second
|
Batting: SHB Aaron Neill
|
0-0: Ball 1-0: Ball 2-0: Foul Ball, location: 2F 2-1: Called Strike 2-2: Strikes out swinging
|
Top of the 1st over - 0 runs, 1 hit, 0 errors, 2 left on base; Milwaukee (NYP) 0 - Salem-Keizer 0 |
BOTTOM OF THE 1ST |
Salem-Keizer Volcanoes batting - Pitching for Milwaukee (NYP) Brewers : RHP Eric Fragoso
|
Pitching: RHP Eric Fragoso
|
|
Batting: RHB Frank Pena
|
0-0: Foul Ball, location: 2F 0-1: Hit by Pitch
|
Batting: RHB Troy Trice
|
0-0: Called Strike Balk! Frank Pena to second 0-1: Ball 1-1: Foul Ball, location: 2F 1-2: SINGLE (Groundball, 6D, EV 105.6 MPH) Frank Pena to third Runner from 3rd tries for Home, SAFE, throw by CF to home
|
Batting: LHB Mason Duffy
|
0-0: Called Strike 0-1: Foul Ball, location: 2F 0-2: Ball 1-2: Fly out, F8 (Flyball, 8RM, EV 80.0 MPH)
|
Batting: LHB Nate Conley
|
0-0: Called Strike 0-1: Fly out, F7 (Line Drive, 7LM, EV 103.8 MPH)
|
Batting: RHB Devin Lowery
|
0-0: Ball 1-0: 2-RUN HOME RUN (Flyball, 89XD, EV 103.8 MPH), Distance : 412 ft
|
Batting: LHB John Whitman
|
0-0: Ball 1-0: Ball 2-0: Called Strike 2-1: Ball 3-1: Called Strike 3-2: Foul Ball, location: 2F 3-2: Ground out 4-3 (Groundball, 4, EV 109.4 MPH)
|
Bottom of the 1st over - 3 runs, 2 hits, 0 errors, 0 left on base; Milwaukee (NYP) 0 - Salem-Keizer 3 |
TOP OF THE 2ND |
Milwaukee (NYP) Brewers batting - Pitching for Salem-Keizer Volcanoes : LHP Hector Jimenez
|
Batting: RHB Jose Cerritos
|
0-0: Ball 1-0: Called Strike 1-1: Foul Ball, location: 2F 1-2: SINGLE (Groundball, 25, EV 70.0 MPH) (infield hit)
|
Batting: SHB Ramon Perez
|
0-0: Ball 1-0: Foul Ball, location: 2F 1-1: Ball 2-1: Foul Ball, location: 2F 2-2: Foul Ball, location: 2F 2-2: Foul Ball, location: 2F 2-2: Hit by Pitch Jose Cerritos to second
|
Batting: RHB Chris Riddel
|
0-0: Ball 1-0: Ball 2-0: Foul Ball, location: 2F 2-1: Ball 3-1: Called Strike 3-2: Foul Ball, location: 2F 3-2: Fly out, F8 (Flyball, 8LXD, EV 90.6 MPH) Runner from 2nd tags up, SAFE at 3rd, no throw by CF
|
Batting: RHB Justin Marino
|
0-0: Called Strike 0-1: Foul Ball, location: 2F 0-2: Ball 1-2: Strikes out swinging
|
Batting: RHB Chris Maul
|
0-0: Called Strike 0-1: Ball 1-1: Foul Ball, location: 2F 1-2: Ball 2-2: Foul Ball, location: 2F 2-2: SINGLE (Flyball, 8RS, EV 88.1 MPH) Jose Cerritos scores Ramon Perez to second Runner from 2nd tries for 3rd, SAFE, no throw by CF
|
Batting: LHB Tyler Francis
|
0-0: Ball 1-0: Called Strike 1-1: Called Strike 1-2: Strikes out looking
|
Top of the 2nd over - 1 run, 2 hits, 0 errors, 2 left on base; Milwaukee (NYP) 1 - Salem-Keizer 3 |
BOTTOM OF THE 2ND |
Salem-Keizer Volcanoes batting - Pitching for Milwaukee (NYP) Brewers : RHP Eric Fragoso
|
Batting: RHB Bob Schweiger
|
0-0: Ball 1-0: Fly out, F7 (Line Drive, 7LM, EV 95.0 MPH)
|
Batting: RHB Willie Sanchez
|
0-0: DOUBLE (Flyball, 89D, EV 92.5 MPH)
|
Batting: RHB Alexis Andrade
|
0-0: Foul Ball, location: 2F 0-1: Foul Ball, location: 2F 0-2: Foul Ball, location: 2F 0-2: Strikes out swinging
|
Batting: RHB Frank Pena
|
0-0: Ball 1-0: Ball 2-0: Foul Ball, location: 2F 2-1: Swinging Strike 2-2: Ball 3-2: Base on Balls
|
Batting: RHB Troy Trice
|
0-0: Ball Wild Pitch! Willie Sanchez to third Frank Pena to second 1-0: Ball 2-0: Ball 3-0: Called Strike 3-1: Base on Balls
|
Batting: LHB Mason Duffy
|
0-0: Ball 1-0: Called Strike 1-1: Foul Ball, location: 2F 1-2: Ball 2-2: Fly out, F7 (Flyball, 78M, EV 90.6 MPH)
|
Bottom of the 2nd over - 0 runs, 1 hit, 0 errors, 3 left on base; Milwaukee (NYP) 1 - Salem-Keizer 3 |
TOP OF THE 3RD |
Milwaukee (NYP) Brewers batting - Pitching for Salem-Keizer Volcanoes : LHP Hector Jimenez
|
Batting: RHB Ryan Miller
|
0-0: Ball 1-0: Called Strike 1-1: Foul Ball, location: 2F 1-2: Ground out 5-3 (Groundball, 5, EV 82.5 MPH)
|
Batting: RHB Victor Alarcon
|
0-0: Ground out 5-3 (Groundball, 56, EV 104.4 MPH)
|
Now at 3B: Dave Putnam
|
|
Batting: SHB Aaron Neill
|
0-0: Ball 1-0: Fly out, F3 (Popup, 34, EV 63.8 MPH)
|
Top of the 3rd over - 0 runs, 0 hits, 0 errors, 0 left on base; Milwaukee (NYP) 1 - Salem-Keizer 3 |
BOTTOM OF THE 3RD |
Salem-Keizer Volcanoes batting - Pitching for Milwaukee (NYP) Brewers : RHP Eric Fragoso
|
Batting: LHB Nate Conley
|
0-0: Called Strike 0-1: Ball 1-1: Called Strike 1-2: Fly out, F7 (Flyball, 78M, EV 97.5 MPH)
|
Batting: RHB Devin Lowery
|
0-0: Ball 1-0: Foul Ball, location: 2F 1-1: Ball 2-1: DOUBLE (Flyball, 8RXD, EV 95.6 MPH)
|
Batting: LHB John Whitman
|
0-0: Ball 1-0: Called Strike 1-1: Foul Ball, location: 2F 1-2: Foul Ball, location: 2F 1-2: Foul Ball, location: 2F 1-2: Foul Ball, location: 2F 1-2: Ball 2-2: Foul Ball, location: 2F 2-2: Ground out 4-3 (Groundball, 4, EV 85.6 MPH) Devin Lowery to third
|
Batting: RHB Bob Schweiger
|
0-0: Swinging Strike 0-1: Fly out, F8 (Flyball, 8LS, EV 95.6 MPH)
|
Bottom of the 3rd over - 0 runs, 1 hit, 0 errors, 1 left on base; Milwaukee (NYP) 1 - Salem-Keizer 3 |
TOP OF THE 4TH |
Milwaukee (NYP) Brewers batting - Pitching for Salem-Keizer Volcanoes : LHP Hector Jimenez
|
Batting: RHB Jose Cerritos
|
0-0: Called Strike 0-1: SINGLE (Line Drive, 8RS, EV 111.9 MPH)
|
Batting: SHB Ramon Perez
|
0-0: Fly out, F7 (Flyball, 7, EV 91.2 MPH)
|
Batting: RHB Chris Riddel
|
0-0: Called Strike 0-1: Ball 1-1: Foul Ball, location: 2F 1-2: Strikes out swinging
|
Batting: RHB Justin Marino
|
0-0: Swinging Strike 0-1: Ball 1-1: Ball 2-1: Swinging Strike 2-2: Strikes out swinging
|
Top of the 4th over - 0 runs, 1 hit, 0 errors, 1 left on base; Milwaukee (NYP) 1 - Salem-Keizer 3 |
BOTTOM OF THE 4TH |
Salem-Keizer Volcanoes batting - Pitching for Milwaukee (NYP) Brewers : RHP Eric Fragoso
|
Batting: RHB Dave Putnam
|
0-0: Ball 1-0: Swinging Strike 1-1: Ball 2-1: Swinging Strike 2-2: Strikes out swinging
|
Batting: RHB Alexis Andrade
|
0-0: Called Strike 0-1: Ball 1-1: Ball 2-1: Ball 3-1: Foul Ball, location: 2F 3-2: Strikes out swinging
|
Batting: RHB Frank Pena
|
0-0: Ground out 4-3 (Groundball, 4MD, EV 79.4 MPH)
|
Bottom of the 4th over - 0 runs, 0 hits, 0 errors, 0 left on base; Milwaukee (NYP) 1 - Salem-Keizer 3 |
TOP OF THE 5TH |
Milwaukee (NYP) Brewers batting - Pitching for Salem-Keizer Volcanoes : LHP Hector Jimenez
|
Batting: RHB Chris Maul
|
0-0: Ball 1-0: SINGLE (Groundball, 56S, EV 68.8 MPH) (infield hit)
|
Batting: LHB Tyler Francis
|
0-0: Ball 1-0: Grounds into double play, 4-6-3 (Groundball, 4M, EV 100.6 MPH)
|
Batting: RHB Ryan Miller
|
0-0: Ball 1-0: SINGLE (Groundball, 6MD, EV 96.9 MPH)
|
Batting: RHB Victor Alarcon
|
0-0: SINGLE (Groundball, 25, EV 72.5 MPH) (infield hit) Ryan Miller to second
|
Pitching: RHP Tim Roof
|
|
Batting: SHB Aaron Neill
|
0-0: Ball 1-0: Ball 2-0: Ball 3-0: Base on Balls Ryan Miller to third Victor Alarcon to second
|
Batting: RHB Jose Cerritos
|
0-0: Ball 1-0: Ball 2-0: Called Strike 2-1: Foul Ball, location: 2F 2-2: Ball 3-2: SINGLE (Groundball, 6MD, EV 108.1 MPH) Ryan Miller scores Victor Alarcon to third Aaron Neill to second Victor Alarcon scores Aaron Neill to third
|
Batting: SHB Ramon Perez
|
0-0: Foul Ball, location: 2F 0-1: Ball 1-1: Swinging Strike 1-2: Strikes out swinging
|
Top of the 5th over - 2 runs, 4 hits, 0 errors, 2 left on base; Milwaukee (NYP) 3 - Salem-Keizer 3 |
BOTTOM OF THE 5TH |
Salem-Keizer Volcanoes batting - Pitching for Milwaukee (NYP) Brewers : RHP Eric Fragoso
|
Pitching: LHP Moronobu Ikeda
|
|
Batting: RHB Troy Trice
|
0-0: Foul Ball, location: 2F 0-1: Ball 1-1: Ball 2-1: Called Strike 2-2: Foul Ball, location: 2F 2-2: Ground out 6-3 (Groundball, 6, EV 89.4 MPH)
|
Batting: LHB Mason Duffy
|
0-0: Called Strike 0-1: Ground out 6-3 (Groundball, 6, EV 80.6 MPH)
|
Batting: LHB Nate Conley
|
0-0: Foul Ball, location: 2F 0-1: Ball 1-1: SOLO HOME RUN (Flyball, 9LD, EV 95.0 MPH), Distance : 354 ft
|
Batting: RHB Devin Lowery
|
0-0: Fly out, F7 (Flyball, 78M, EV 91.2 MPH)
|
Bottom of the 5th over - 1 run, 1 hit, 0 errors, 0 left on base; Milwaukee (NYP) 3 - Salem-Keizer 4 |
TOP OF THE 6TH |
Milwaukee (NYP) Brewers batting - Pitching for Salem-Keizer Volcanoes : RHP Tim Roof
|
Batting: RHB Chris Riddel
|
0-0: Ball 1-0: Called Strike 1-1: Ball 2-1: Foul Ball, location: 2F 2-2: Ball 3-2: Base on Balls
|
Pinch Hitting: LHB John Fortin
|
0-0: Fly out, F5 (Popup, 5SF, EV 85.6 MPH)
|
Batting: RHB Chris Maul
|
0-0: Called Strike 0-1: Swinging Strike 0-2: 2-RUN HOME RUN (Flyball, 7D, EV 102.5 MPH), Distance : 404 ft
|
Batting: LHB Tyler Francis
|
0-0: Ball 1-0: Called Strike 1-1: Ball 2-1: Swinging Strike 2-2: Strikes out swinging
|
Batting: RHB Ryan Miller
|
0-0: Called Strike 0-1: SINGLE (Groundball, 6D, EV 99.4 MPH)
|
Batting: RHB Victor Alarcon
|
0-0: Ball 1-0: Ball 2-0: Ball 3-0: Called Strike 3-1: Called Strike 3-2: SINGLE (Flyball, 34D, EV 91.2 MPH) Ryan Miller to second Ryan Miller to third
|
Batting: SHB Aaron Neill
|
0-0: Ball 1-0: Foul Ball, location: 2F 1-1: Ball 2-1: Fielders Choice at 2nd, 5-4 (Groundball, 5, EV 90.0 MPH)
|
Top of the 6th over - 2 runs, 3 hits, 0 errors, 2 left on base; Milwaukee (NYP) 5 - Salem-Keizer 4 |
BOTTOM OF THE 6TH |
Salem-Keizer Volcanoes batting - Pitching for Milwaukee (NYP) Brewers : LHP Moronobu Ikeda
|
Now at SS: Jonathan Sarles
|
|
Batting: LHB John Whitman
|
0-0: Foul Ball, location: 2F 0-1: Ball 1-1: Ball 2-1: Swinging Strike 2-2: Strikes out swinging
|
Batting: RHB Bob Schweiger
|
0-0: Called Strike 0-1: Foul Ball, location: 2F 0-2: Strikes out looking
|
Batting: RHB Dave Putnam
|
0-0: Called Strike 0-1: Foul Ball, location: 2F 0-2: Ball 1-2: Strikes out swinging
|
Bottom of the 6th over - 0 runs, 0 hits, 0 errors, 0 left on base; Milwaukee (NYP) 5 - Salem-Keizer 4 |
TOP OF THE 7TH |
Milwaukee (NYP) Brewers batting - Pitching for Salem-Keizer Volcanoes : RHP Tim Roof
|
Batting: RHB Jose Cerritos
|
0-0: SINGLE (Line Drive, 8RS, EV 97.5 MPH)
|
Pitching: RHP Mike Flynn
|
|
Batting: SHB Ramon Perez
|
0-0: Called Strike Jose Cerritos steals 2nd, throwing error, E2 Jose Cerritos to third 0-1: Foul Ball, location: 2F 0-2: Ball 1-2: Ball 2-2: Ball 3-2: Base on Balls
|
Batting: RHB Chris Riddel
|
0-0: Ball 1-0: Called Strike 1-1: Swinging Strike 1-2: Ball 2-2: Strikes out swinging
|
Batting: RHB Jonathan Sarles
|
0-0: Ball 1-0: Swinging Strike 1-1: Ball 2-1: Fielders Choice at 2nd, 4-6 (Groundball, 4S, EV 85.0 MPH) Jose Cerritos scores
|
Batting: RHB Chris Maul
|
0-0: Ball Jonathan Sarles is caught stealing 2nd base 2-4
|
Top of the 7th over - 1 run, 1 hit, 1 error, 0 left on base; Milwaukee (NYP) 6 - Salem-Keizer 4 |
BOTTOM OF THE 7TH |
Salem-Keizer Volcanoes batting - Pitching for Milwaukee (NYP) Brewers : LHP Moronobu Ikeda
|
Batting: RHB Alexis Andrade
|
0-0: Called Strike 0-1: Ball 1-1: Ground out 4-3 (Groundball, 4S, EV 86.2 MPH)
|
Batting: RHB Frank Pena
|
0-0: SOLO HOME RUN (Flyball, 7LD, EV 93.1 MPH), Distance : 378 ft
|
Batting: RHB Troy Trice
|
0-0: Ball 1-0: Called Strike 1-1: Ball 2-1: SOLO HOME RUN (Flyball, 78XD, EV 114.4 MPH), Distance : 426 ft
|
Pitching: LHP U-suk Leem
|
|
Batting: LHB Mason Duffy
|
0-0: Foul Ball, location: 2F 0-1: Ball 1-1: Foul Ball, location: 2F 1-2: SINGLE (Line Drive, 4D, EV 97.5 MPH)
|
Batting: LHB Nate Conley
|
0-0: Ball Mason Duffy steals 2nd base 1-0: Foul Ball, location: 2F 1-1: Ground out 4-3 (Groundball, 4, EV 84.4 MPH) Mason Duffy to third
|
Batting: RHB Devin Lowery
|
0-0: Intentional Walk
|
Batting: RHB Sam Smith
|
0-0: Fielders Choice at 2nd, 6-4 (Groundball, 6, EV 96.9 MPH)
|
Bottom of the 7th over - 2 runs, 3 hits, 0 errors, 2 left on base; Milwaukee (NYP) 6 - Salem-Keizer 6 |
TOP OF THE 8TH |
Milwaukee (NYP) Brewers batting - Pitching for Salem-Keizer Volcanoes : RHP Mike Flynn
|
Pinch Hitting: SHB Orlando Torres
|
0-0: Swinging Strike 0-1: Ball 1-1: Ball 2-1: Foul Ball, location: 2F 2-2: Foul Ball, location: 2F 2-2: Ball 3-2: Foul Ball, location: 2F 3-2: Foul Ball, location: 2F 3-2: Base on Balls
|
Batting: LHB Tyler Francis
|
0-0: Ball 1-0: Ball 2-0: Foul Ball, location: 2F 2-1: Ball 3-1: Foul Ball, location: 2F 3-2: Grounds into double play, 4-6-3 (Groundball, 4, EV 85.0 MPH)
|
Batting: RHB Ryan Miller
|
0-0: Called Strike 0-1: Ground out 5-3 (Groundball, 56, EV 81.2 MPH)
|
Top of the 8th over - 0 runs, 0 hits, 0 errors, 0 left on base; Milwaukee (NYP) 6 - Salem-Keizer 6 |
BOTTOM OF THE 8TH |
Salem-Keizer Volcanoes batting - Pitching for Milwaukee (NYP) Brewers : LHP U-suk Leem
|
Now at 2B: Jonathan Sarles
|
|
Now at SS: Orlando Torres
|
|
Batting: RHB Bob Schweiger
|
0-0: Ball 1-0: Ground out 2-3 (Groundball, 2R, EV 69.4 MPH)
|
Batting: RHB Dave Putnam
|
0-0: Ball 1-0: Foul Ball, location: 2F 1-1: Ball 2-1: Fly out, F9 (Flyball, 89M, EV 87.5 MPH)
|
Batting: RHB Alexis Andrade
|
0-0: Ball 1-0: Called Strike 1-1: Ground out 4-3 (Groundball, 34D, EV 79.4 MPH)
|
Bottom of the 8th over - 0 runs, 0 hits, 0 errors, 0 left on base; Milwaukee (NYP) 6 - Salem-Keizer 6 |
TOP OF THE 9TH |
Milwaukee (NYP) Brewers batting - Pitching for Salem-Keizer Volcanoes : RHP Mike Flynn
|
Batting: RHB Victor Alarcon
|
0-0: Ball 1-0: Called Strike 1-1: Ball 2-1: Ground out 1-3 (Groundball, 13S, EV 71.2 MPH)
|
Batting: SHB Aaron Neill
|
0-0: Called Strike 0-1: Called Strike 0-2: Foul Ball, location: 2F 0-2: Strikes out swinging
|
Batting: RHB Jose Cerritos
|
0-0: Swinging Strike 0-1: Fly out, F8 (Flyball, 8LM, EV 96.9 MPH)
|
Top of the 9th over - 0 runs, 0 hits, 0 errors, 0 left on base; Milwaukee (NYP) 6 - Salem-Keizer 6 |
BOTTOM OF THE 9TH |
Salem-Keizer Volcanoes batting - Pitching for Milwaukee (NYP) Brewers : LHP U-suk Leem
|
Pitching: LHP Bryan Gagnon
|
|
Batting: RHB Frank Pena
|
0-0: Ball 1-0: Ball 2-0: Swinging Strike 2-1: Foul Ball, location: 2F 2-2: Strikes out swinging
|
Batting: RHB Troy Trice
|
0-0: Ground out 4-3 (Groundball, 4, EV 95.0 MPH)
|
Batting: LHB Mason Duffy
|
0-0: Called Strike 0-1: Fly out, F4 (Popup, 4M, EV 71.2 MPH)
|
Bottom of the 9th over - 0 runs, 0 hits, 0 errors, 0 left on base; Milwaukee (NYP) 6 - Salem-Keizer 6 |
TOP OF THE 10TH |
Milwaukee (NYP) Brewers batting - Pitching for Salem-Keizer Volcanoes : RHP Mike Flynn
|
Pitching: RHP Sam Drews
|
|
Batting: SHB Ramon Perez
|
0-0: Hit by Pitch
|
Batting: RHB Chris Riddel
|
0-0: Foul Ball, location: 2F 0-1: Foul Ball, location: 2F 0-2: Strikes out swinging
|
Batting: RHB Jonathan Sarles
|
0-0: Fly out, F7 (Flyball, 7D, EV 90.6 MPH)
|
Batting: SHB Orlando Torres
|
0-0: Ball 1-0: Called Strike 1-1: Fly out, F8 (Flyball, 8LD, EV 100.0 MPH)
|
Top of the 10th over - 0 runs, 0 hits, 0 errors, 1 left on base; Milwaukee (NYP) 6 - Salem-Keizer 6 |
BOTTOM OF THE 10TH |
Salem-Keizer Volcanoes batting - Pitching for Milwaukee (NYP) Brewers : LHP Bryan Gagnon
|
Batting: LHB Nate Conley
|
0-0: Ball 1-0: Foul Ball, location: 2F 1-1: Ground out 4-3 (Groundball, 4, EV 93.8 MPH)
|
Batting: RHB Devin Lowery
|
0-0: Called Strike 0-1: Ball 1-1: Fly out, F7 (Flyball, 7, EV 92.5 MPH)
|
Batting: RHB Sam Smith
|
0-0: Ball 1-0: Ball 2-0: SINGLE (Line Drive, 6D, EV 110.6 MPH)
|
Batting: RHB Bob Schweiger
|
0-0: Called Strike 0-1: Ball 1-1: Foul Ball, location: 2F 1-2: Strikes out swinging
|
Bottom of the 10th over - 0 runs, 1 hit, 0 errors, 1 left on base; Milwaukee (NYP) 6 - Salem-Keizer 6 |
TOP OF THE 11TH |
Milwaukee (NYP) Brewers batting - Pitching for Salem-Keizer Volcanoes : RHP Sam Drews
|
Batting: LHB Tyler Francis
|
0-0: Called Strike 0-1: SINGLE (Flyball, 8LS, EV 86.2 MPH)
|
Batting: RHB Ryan Miller
|
0-0: Ball Tyler Francis is caught stealing 2nd base 2-4 1-0: Ball 2-0: Foul Ball, location: 2F 2-1: Fly out, F8 (Flyball, 8LS, EV 88.8 MPH)
|
Batting: RHB Victor Alarcon
|
0-0: Called Strike 0-1: Ball 1-1: Foul Ball, location: 2F 1-2: Ball 2-2: Fly out, F2 (Popup, 3SF, EV 89.4 MPH)
|
Top of the 11th over - 0 runs, 1 hit, 0 errors, 0 left on base; Milwaukee (NYP) 6 - Salem-Keizer 6 |
BOTTOM OF THE 11TH |
Salem-Keizer Volcanoes batting - Pitching for Milwaukee (NYP) Brewers : LHP Bryan Gagnon
|
Batting: RHB Dave Putnam
|
0-0: Ball 1-0: Called Strike 1-1: Foul Ball, location: 2F 1-2: Fly out, F9 (Flyball, 9, EV 93.1 MPH)
|
Batting: RHB Alexis Andrade
|
0-0: Foul Ball, location: 2F 0-1: Ball 1-1: Ball 2-1: Ball 3-1: Called Strike 3-2: Strikes out swinging, 2-3 out at first.
|
Batting: RHB Frank Pena
|
0-0: Called Strike 0-1: Ball 1-1: Ball 2-1: Foul Ball, location: 2F 2-2: Ball 3-2: Base on Balls
|
Batting: RHB Troy Trice
|
0-0: Called Strike 0-1: Ball 1-1: Ball 2-1: Called Strike 2-2: Foul Ball, location: 2F 2-2: Ball 3-2: Foul Ball, location: 2F 3-2: Base on Balls Frank Pena to second
|
Batting: LHB Mason Duffy
|
0-0: Ground out 4-3 (Groundball, 4, EV 92.5 MPH)
|
Bottom of the 11th over - 0 runs, 0 hits, 0 errors, 2 left on base; Milwaukee (NYP) 6 - Salem-Keizer 6 |
TOP OF THE 12TH |
Milwaukee (NYP) Brewers batting - Pitching for Salem-Keizer Volcanoes : RHP Sam Drews
|
Batting: SHB Aaron Neill
|
0-0: Swinging Strike 0-1: Swinging Strike 0-2: Ball 1-2: DOUBLE (Flyball, 8RD, EV 91.2 MPH)
|
Batting: RHB Jose Cerritos
|
0-0: Ball 1-0: Foul Ball, location: 2F 1-1: Ground out U3 (Groundball, 34S, EV 93.1 MPH) Aaron Neill to third
|
Batting: SHB Ramon Perez
|
0-0: Intentional Walk
|
Batting: RHB Chris Riddel
|
0-0: Ball 1-0: Ball 2-0: Grounds into double play, 6-4-3 (Groundball, 6, EV 83.1 MPH)
|
Top of the 12th over - 0 runs, 1 hit, 0 errors, 1 left on base; Milwaukee (NYP) 6 - Salem-Keizer 6 |
BOTTOM OF THE 12TH |
Salem-Keizer Volcanoes batting - Pitching for Milwaukee (NYP) Brewers : LHP Bryan Gagnon
|
Pitching: RHP Alberto Cordovi
|
|
Batting: LHB Nate Conley
|
0-0: Ball 1-0: Ball 2-0: Called Strike 2-1: Foul Ball, location: 2F 2-2: Strikes out swinging
|
Batting: RHB Devin Lowery
|
0-0: Ball 1-0: Foul Ball, location: 2F 1-1: Called Strike 1-2: Strikes out looking
|
Batting: RHB Sam Smith
|
0-0: Swinging Strike 0-1: DOUBLE (Line Drive, 5D, EV 107.5 MPH)
|
Batting: RHB Bob Schweiger
|
0-0: Intentional Walk
|
Batting: RHB Dave Putnam
|
0-0: Ball 1-0: Foul Ball, location: 2F 1-1: Swinging Strike 1-2: Ball 2-2: Foul Ball, location: 2F 2-2: Ball 3-2: Base on Balls Sam Smith to third Bob Schweiger to second
|
Batting: RHB Alexis Andrade
|
0-0: Ball 1-0: Called Strike 1-1: Foul Ball, location: 2F 1-2: Ball 2-2: Ball 3-2: Foul Ball, location: 2F 3-2: Base on Balls Sam Smith scores Bob Schweiger to third Dave Putnam to second
|
Bottom of the 12th over - 1 run, 1 hit, 0 errors, 3 left on base; Milwaukee (NYP) 6 - Salem-Keizer 7 |
|